Aethera, lawful female human Knight --------- #-.......| -------------- #|{.......## ..^..........| ##........|# |............| # ---------# -|------------ # ## ## # # # # # #### # # ---------.-- ---------------# ### |..........| ---------- ..............|# # |....<.)...| |........|# |.............|# ##.......%...| |....f...-# |..............# |..).......| |...>@...|###############..............| |..........| ---------- |.............| |..........| -----.--------- ------------ # Aethera the Esquire Experience level: 4 Strength: 18 Dexterity: 8 Constitution: 11 Intelligence: 7 Wisdom: 15 Charisma: 17 Health: 0(28) Energy: 16(16) Def: 14 Gold: 333 Moves: 1854 Dungeon seed: gIw04sLBN0RxA5jE Game ID: Aethera_1488569413 Your Inventory: Coins $ - 333 gold pieces Weapons a - a +1 long sword (weapon in hand) b - a +1 lance Armor n - an uncursed +0 helmet (being worn) q - an uncursed +0 small shield (being worn) r - an uncursed +0 pair of leather gloves (being worn) y - a blessed +4 plate mail (being worn) N - an uncursed +0 mummy wrapping (being worn) Comestibles c - 2 uncursed apples d - 13 uncursed carrots f - 3 uncursed food rations D - an uncursed partly eaten food ration Potions g - an uncursed potion of gain energy x - a cursed potion of enlightenment Tools E - an uncursed magic whistle Gems e - an uncursed worthless piece of white glass z - 2 uncursed jasper stones Spells and supernatural/magical abilities: Name Level Category Fail Memory W - pray for help -- divine ? -- X - turn undead -- divine ? -- Y - supernatural jump -- ability ? -- Your skills at the end: Fighting Skills riding [Basic] Weapon Skills long sword [Basic] lance [Basic] Spellcasting Skills Final Attributes: You were piously aligned. You could jump. You are dead. Vanquished creatures: a rock piercer a kobold mummy a werejackal an iguana a hobbit 3 cave spiders 7 garter snakes 2 jackals a fox a kobold 2 goblins 3 sewer rats 2 grid bugs 7 lichens 2 kobold zombies 7 newts 42 creatures vanquished. Voluntary challenges: You were an atheist. You used a wielded weapon 34 times, starting on turn 148. You read items or engraved 2 times, starting on turn 298. You never genocided any monsters. You never polymorphed an object. You never changed form. You used no wishes. You never split a pudding. You wrote Elbereth's name 1 time, starting on turn 304. You never violated your personal moral code. Dungeon overview: The Dungeons of Doom: levels 1 to 6 Level 1 a fountain a long staircase Level 2 a bookstore, a fountain Level 3 a fountain Level 6 <- You were here a fountain History has recorded: On T:1 you entered the Dungeons of Doom to retrieve the Amulet of Yendor! On T:577 you reached level 2 of The Dungeons of Doom. On T:1285 you advanced to experience level 2. On T:1340 you reached level 3 of The Dungeons of Doom. On T:1353 you reached level 6 of The Dungeons of Doom. On T:1546 you advanced to experience level 3. On T:1764 you advanced to experience level 4. Score breakdown: Gold: 333 ( 8584 points) Experience: 4 levels ( 9649 points) Exploration: 6 levels ( 11.54%) ( 9393 points) Discoveries: 1 item ( 0.41%) ( 1912 points) Valuables value: (no points given unless you survive) Artifact value: 0 ( 0 points) Variety of kills: 16 monsters ( 4.20%) ( 6147 points) Turncount: 1854 turns ( 0 points) Survival: died (score multiplied by 80%) Total score: 28548 Latest messages: Blecch! Rotten food! Everything suddenly goes dark. You can see again. You stop eating. (2x) You hear bubbling water. You see here a whistle. You have a little trouble lifting E - a whistle. The kitten misses. The kitten bites! (4x) The kitten misses. (2x) The kitten bites! The kitten misses. (3x) The kitten bites! (2x) The kitten misses. The kitten bites! The kitten just misses! You miss the kitten. The kitten misses. You hit the kitten. The kitten bites! (3x) You die... Final status: Fare thee well Aethera the Knight, killed by a kitten... You died in The Dungeons of Doom on dungeon level 6 with 28548 points, and 333 pieces of gold, after 1854 moves. You were level 4 with a maximum of 28 hit points when you died.